 Dungeon Crawl Stone Soup version 0.22-a0-558-gc2241811a9 (webtiles) character file.

80 D1HalberdGnoll the Conjurer (level 4, -3/37 HPs)
             Began as a Deep Elf Conjurer on June 27, 2018.
             Slain by a shadow imp (6 damage)
             ... on level 2 of the Dungeon.
             The game lasted 00:02:18 (2153 turns).

D1HalberdGnoll the Conjurer (Deep Elf Conjurer)     Turns: 2153, Time: 00:02:19

Health: -3/37      AC:  2    Str:  8 (10) XL:     4   Next: 18%
Magic:  1/11       EV: 13    Int: 18 (21) God:
Gold:   116        SH:  0    Dex: 13 (15) Spells: 4/10 levels left

rFire    . . .     SeeInvis .   i - +0 whip
rCold    . . .     Gourm    .   (no shield)
rNeg     . . .     Faith    .   a - +0 robe
rPois    .         Spirit   .   (no helmet)
rElec    .         Reflect  .   (no cloak)
rCorr    .         Harm     .   (no gloves)
MR       .....                  (no boots)
Stlth    ..........             (no amulet)
HPRegen  0.12/turn              (no ring)
MPRegen  0.12/turn              (no ring)

@: berserking, very slightly contaminated, very quick
A: no striking features
a: no special abilities


You were on level 2 of the Dungeon.
You were not hungry.

You visited 1 branch of the dungeon, and saw 3 of its levels.

You collected 116 gold pieces.

Inventory:

Hand Weapons
 i - a +0 whip (weapon)
Armour
 a - a +0 robe (worn)
Jewellery
 j - an uncursed amulet of regeneration {unknown}
Scrolls
 d - 2 scrolls of remove curse {unknown}
 f - a scroll of teleportation {unknown}
 g - 5 scrolls of identify {unknown}
 k - 2 scrolls of enchant weapon {unknown}
Potions
 b - a potion of mutation {unknown}
 e - a potion of degeneration
 h - a potion of berserk rage
 l - 2 potions of haste {unknown}
Comestibles
 c - 2 rations
 m - 2 chunks of flesh


   Skills:
 + Level 1.2 Fighting
 + Level 3.1 Dodging
 - Level 2.4 Stealth
 + Level 3.7 Spellcasting
 * Level 5.2 Conjurations


You had 4 spell levels left.
You knew the following spells:

 Your Spells              Type           Power        Failure   Level  Hunger
a - Magic Dart            Conj           ###.         1%          1    None
b - Searing Ray           Conj           ###...       2%          2    ##.....
c - Dazzling Spray        Conj/Hex       ##....       16%         3    ###....

Your spell library contained the following spells:

 Spells                   Type           Power        Failure   Level  Hunger
 Iskenderun's Mystic Bla  Conj           ###.....     17%         4    ####...
 Fulminant Prism          Conj/Hex       ##........   45%         4    ####...
 Force Lance              Conj/Tloc      ##......     45%         4    ####...


Dungeon Overview and Level Annotations

Branches:
Dungeon (3/15)

Altars:


Message History

The jackal bites you but does no damage.
The leopard gecko closely misses you. The shadow imp completely misses you.
Casting: Magic Dart (safe; 1% risk of failure)
Confirm with . or Enter, or press ? or * to list all spells.
Aiming: Magic Dart (safe; 1% risk of failure)
Press: ? - help, Shift-Dir - straight line, f - leopard gecko
Aim: a leopard gecko The magic dart hits the leopard gecko.
The leopard gecko is lightly wounded.
The jackal barely misses you. The leopard gecko bites you.
* * * LOW HITPOINT WARNING * * *
The shadow imp hits you but does no damage.
The jackal closely misses you.
It was a potion of berserk rage.
A red film seems to cover your vision as you go berserk!
You feel yourself moving faster!
You feel mighty! The leopard gecko barely misses you. The jackal bites you.
* * * LOW HITPOINT WARNING * * *
The shadow imp hits you.
You die...

............# #.#.#.....#.
######.###### ##### #.#.#.#####.
....>#.# #...# #.#.#..#..#.
####.#.# #...####.#.#..#..#.
.).#.#.########......#.#..<.#..#.
.#.#.#.#.......................#.
.#.#.#.#.#.........###.######..#.
...#.#.#.#.####h...###.#.......#.
.###'#.#.#.# #.l@5.....#.####.##.
.......#.#.# #.####....#.####....
###....#.#.# #.#.......#.#.......
..+....#.#.# #)#.##....#.#.##.###
###...##.#.# #.#.##....#.#.##.# #
# ######.#.# #.#...#.#...#.#..# #
########.#.###.###.#.#..#.#.#.# #
##.....#.#.........#.#.#.#.#.## #
##.....#.#####.##..#.#..#..(#.# #


You could see a shadow imp, a leopard gecko and a jackal.

Vanquished Creatures
  2 adders (D:2)
  An ooze (D:2)
  A dart slug (D:1)
  2 leopard geckos
  3 orcs
  2 giant cockroaches
  8 hobgoblins
  A jackal (D:3)
  A quokka (D:2)
  2 ball pythons (D:2)
  8 bats
  A frilled lizard (D:1)
  6 goblins
  8 kobolds
  4 rats (D:2)
50 creatures vanquished.

Notes
Turn   | Place    | Note
-------+----------+-------------------------------------------
     0 | D:1      | D1HalberdGnoll the Deep Elf Conjurer began the quest for the Orb.
     0 | D:1      | Reached XP level 1. HP: 10/10 MP: 6/6
   140 | D:1      | Reached XP level 2. HP: 16/16 MP: 4/8
   606 | D:2      | Reached XP level 3. HP: 20/20 MP: 3/9
   628 | D:2      | Learned a level 2 spell: Searing Ray
   632 | D:2      | Learned a level 3 spell: Dazzling Spray
   727 | D:2      | Reached skill level 1 in Fighting
   727 | D:2      | Reached skill level 5 in Conjurations
  1464 | D:2      | Reached XP level 4. HP: 25/25 MP: 7/11
  2153 | D:2      | Slain by a shadow imp

Vault maps used:
D:1:      minmay_arrival_radiant_lines
D:2:      cheibrodos_old_hovel, minmay_tiny_reverse_x
D:3:      nicolae_overflow_quartered_altars, first_ration

Skill      XL: |  1  2  3 |
---------------+----------+-----
Fighting       | 1 |  1.2
Dodging        | 3 |  3.1
Conjurations   | 5 |  5.2
Stealth        | |  2.4
Spellcasting   | |  3.7

Action                   |  1- 3 |  4- 6 || total
-------------------------+-------+-------++-------
Melee: Whip              |       |     7 ||     7
 Cast: Magic Dart        |    69 |    16 ||    85
       Dazzling Spray    |       |     2 ||     2
       Searing Ray       |       |     1 ||     1
  Use: Potion            |       |     2 ||     2
  Eat: Chunk             |     1 |     3 ||     4
Armor: Robe              |       |     6 ||     6
Dodge: Dodged            |     3 |    28 ||    31

Table legend:
 A = Spawn XP
 B = Non-spawn XP
 C = Spawn XP percentage of total XP
 D = Spawn monster count
 E = Non-spawn monster count
 F = Spawn count percentage of total count
 G = Total turns spent on level
                    A         B        C        D         E        F      G
               +---------+---------+-------+---------+---------+-------+---------
         Total |       0 |     115 |   0.0 |       0 |      50 |   0.0 |  2153
               +---------+---------+-------+---------+---------+-------+---------
           D:1 |       0 |      32 |   0.0 |       0 |      18 |   0.0 |   516
           D:2 |       0 |      73 |   0.0 |       0 |      28 |   0.0 |  1618
           D:3 |       0 |      10 |   0.0 |       0 |       4 |   0.0 |    19
               +---------+---------+-------+---------+---------+-------+---------
